AoeStats
← VaporingCat7235

Arabia

510306358Analyzed
1v1 RM · 19h ago on Sep 30, 2026· 31m 16s· 2 players
Game mode
Random Map
Map size
Tiny (2 player)
Population
200
Speed
Normal
Resources
Standard
Victory
Conquest
Starting age
Dark Age
Ending age
Imperial Age
RankedLock teamsTeams togetherTeam positionsShared explorationLock speedFull tech treeHidden civsTurbo modeCheats
Victory
Defeat
🇧🇷 Celts · Brazil
606
+14
🇪🇸 Franks · Spain
552
-27
VaporingCat7235
5:50 Loom
12:22 Feudal Age
12:54 Double-Bit Axe
13:04 Gold Mining
18:14 Wheelbarrow
23:00 Castle Age
22:02 Scale Barding Armor
24:31 Gold Shaft Mining
24:15 Bow Saw
28:59 Chain Barding Armor
28:56 Forging
29:39 Husbandry
29:08 Light Cavalry
30:55 Hand Cart
simon33
1:54 Loom
10:06 Feudal Age
12:40 Wheelbarrow
12:09 Double-Bit Axe
17:30 Castle Age
15:54 Scale Mail Armor
16:28 Horse Collar
17:08 Gold Mining
18:01 Forging
21:42 Hand Cart
21:54 Stone Mining
24:29 Town Watch
25:16 Town Patrol
27:10 Gold Shaft Mining
28:56 Bow Saw
30:01 Heavy Plow
29:26 Pikeman
Connection lost

Rejoining the realm…

Still unreachable

The connection could not be restored.

Session expired

The server has moved on; the page needs a fresh start.